AoeStats
← KahTuc

Golden Pit

510267826Analyzed
1v1 RM · 13h ago on Sep 30, 2026· 39m 27s· 2 players
Game mode
Random Map
Map size
Tiny (2 player)
Population
200
Speed
Normal
Resources
Standard
Victory
Conquest
Starting age
Dark Age
Ending age
Imperial Age
RankedLock teamsTeams togetherTeam positionsShared explorationLock speedFull tech treeHidden civsTurbo modeCheats
Victory
Defeat
🇹🇼 Varangians · Taiwan
1221
+14
🇺🇸 Varangians · United States
1175
-14
花雪
6:13 Loom
9:04 Feudal Age
10:57 Bloodlines
17:00 Double-Bit Axe
19:10 Horse Collar
24:39 Castle Age
23:58 Forging
23:48 Scale Mail Armor
24:45 Wheelbarrow
24:19 Gold Mining
25:21 Squires
25:35 Bow Saw
25:37 Heavy Plow
28:27 Husbandry
28:37 Scale Barding Armor
31:55 Town Watch
34:33 Iron Casting
35:41 Hand Cart
35:29 Gambesons
36:32 Arson
37:36 Stone Mining
KahTuc
5:50 Loom
9:05 Feudal Age
9:19 Man-at-Arms
13:53 Horse Collar
25:08 Castle Age
23:38 Double-Bit Axe
24:26 Gold Mining
24:55 Bloodlines
30:31 Forging
31:16 Long Swordsman
32:03 Squires
34:21 Gambesons
34:09 Long Swordsman
37:08 Stone Mining
Connection lost

Rejoining the realm…

Still unreachable

The connection could not be restored.

Session expired

The server has moved on; the page needs a fresh start.